 Dungeon Crawl Stone Soup version 0.25.1-2-g60ff931df9 (webtiles) character file.

Game seed: 11149356375330960228

125 H0rd4k the Charlatan (level 5, -1/37 HPs)
             Began as a Human Artificer on Sept 29, 2020.
             Slain by a phantom (8 damage)
             ... on level 2 of the Dungeon.
             The game lasted 00:03:24 (3154 turns).

H0rd4k the Charlatan (Human Artificer)              Turns: 3154, Time: 00:03:24

Health: -1/37      AC:  3    Str: 13    XL:     5   Next: 30%
Magic:  7/7        EV: 12    Int: 12    God:
Gold:   124        SH:  0    Dex: 13    Spells: 4/4 levels left

rFire    . . .     SeeInvis .   a - +0 short sword
rCold    . . .     Gourm    .   (no shield)
rNeg     . . .     Faith    .   b - +0 leather armour
rPois    .         Spirit   .   (no helmet)
rElec    .         Reflect  .   (no cloak)
rCorr    .         Harm     .   (no gloves)
MR       .....                  (no boots)
Stlth    ++........             (no amulet)
HPRegen  0.12/turn              (no ring)
MPRegen  0.10/turn              (no ring)

@: no status effects
A: no striking features
a: no special abilities


You were on level 2 of the Dungeon.
You were not hungry.

You visited 1 branch of the dungeon, and saw 3 of its levels.

You collected 124 gold pieces.

Inventory:

Hand Weapons
 a - a +0 short sword (weapon)
Armour
 b - a +0 leather armour (worn)
Jewellery
 m - a +4 ring of protection {unknown}
Wands
 c - a wand of flame (11)
 d - a wand of enslavement (15)
 e - a wand of random effects (15)
 h - a wand of iceblast (9)
 t - a wand of polymorph (6)
Scrolls
 g - 5 scrolls of identify {unknown}
 j - 2 scrolls of blinking {unknown}
 k - 2 scrolls of teleportation {unknown}
 l - a scroll of immolation {unknown}
 p - a scroll of enchant weapon {unknown}
 q - 3 scrolls of amnesia {unknown}
 r - a scroll of random uselessness {unknown}
Potions
 i - a potion of degeneration {unknown}
 n - 2 potions of flight {unknown}
 o - a potion of curing {unknown}
Comestibles
 f - 5 rations
 s - 2 chunks of flesh


   Skills:
 + Level 1.4 Fighting
 + Level 2.6 Short Blades
 + Level 1.6 Armour
 + Level 2.6 Dodging
 + Level 1.4 Stealth
 + Level 3.8 Evocations


You had 4 spell levels left.
You didn't know any spells.
Your spell library was empty.

Dungeon Overview and Level Annotations

Branches:
Dungeon (3/15)

Altars:
Zin


Message History

An ogre comes into view. It is wielding a +0 giant club.
There is a stone staircase leading up here.
The ogre shouts!
The phantom blinks!
The dart slug launches a dart at you. The slug dart hits you.
You climb upwards.
There is a stone staircase leading down here.
Saving game... please wait.
Welcome back, H0rd4k the Human Artificer.
Press ? for a list of commands and other information.
You climb downwards.
The ogre barely misses you. The phantom hits you.
The ogre hits you with a +0 giant club.
* * * LOW HITPOINT WARNING * * *
There is a stone staircase leading up here.
The phantom barely misses you.
You climb upwards.
There is a stone staircase leading down here.
The phantom hits you!
You die...

#...........# #.#########.#
#.#....#..#.########## #######
#.#.##.#.............. ......#
#.#.##...##.##########
#####.######.#.......#.#.........
...............>.###.#.#.#######.
.#####.#...(...WO# #.#.#.# #. .#
#.#........@# #.#.#.#######. .#
#.#.........###.#.#.#....... .#
#.#.............#.#.#.####..
.#####.#......#..#####.#..(......
.................# #.###.####..
######......###.######.# #.####.#
.......................# #.#.....
#######..######.######## #.##.###
########.######.##########.##.#


You could see a phantom and an ogre.

Vanquished Creatures
  An orc wizard (D:3)
  An adder (D:3)
  3 dart slugs
  4 leopard geckos
  3 orcs
  8 giant cockroaches
  11 goblins
  8 hobgoblins
  2 jackals (D:2)
  2 quokkas
  11 bats
  4 frilled lizards
  4 kobolds
  5 rats
67 creatures vanquished.

Notes
Turn   | Place    | Note
-------+----------+-------------------------------------------
     0 | D:1      | H0rd4k the Human Artificer began the quest for the Orb.
     0 | D:1      | Reached XP level 1. HP: 15/15 MP: 3/3
    64 | D:1      | Reached XP level 2. HP: 19/21 MP: 4/4
   430 | D:1      | Reached XP level 3. HP: 18/26 MP: 5/5
  1413 | D:2      | Found a glowing silver altar of Zin.
  1680 | D:2      | Reached XP level 4. HP: 14/32 MP: 6/6
  2565 | D:3      | Reached skill level 1 in Armour
  2648 | D:3      | Reached XP level 5. HP: 9/37 MP: 7/7
  3099 | D:3      | Noticed a phantom
  3142 | D:3      | Noticed an ogre
  3154 | D:2      | Slain by a phantom

Illustrated notes

Levels and vault maps discovered:
D:1:      matt_arrival_los_fun, layout_loops_ring
D:2:      layout_basic, zin_statuary
D:3:      layout_basic, minmay_crystal_water, fountainhead

Skill      XL: |  1  2  3  4 |
---------------+-------------+-----
Short Blades   | 2 |  2.6
Armour         | 1 |  1.6
Fighting       | |  1.4
Dodging        | |  2.6
Stealth        | |  1.4
Evocations     | |  3.8

Action                   |  1- 3 |  4- 6 || total
-------------------------+-------+-------++-------
Melee: Short sword       |   128 |   143 ||   271
Evoke: Wand              |       |     4 ||     4
 Stab: Sleeping          |     2 |     1 ||     3
  Eat: Chunk             |     2 |     5 ||     7
Armor: Leather armour    |    41 |    44 ||    85
Dodge: Dodged            |    92 |   110 ||   202
